 Dungeon Crawl Stone Soup version 0.29.1-12-g30fa7ad0bf (webtiles) character file.

Game seed: 3435566762185271670

2560 DildoBatman the Geomancer (level 9, -8/64 HPs)
             Began as a Formicid Conjurer on Dec 13, 2022.
             Was an Initiate of Gozag.
             Mangled by an orc warlord
             ... wielding a +5 battleaxe
              (34 damage)
             ... on level 7 of the Dungeon.
             The game lasted 00:25:38 (6866 turns).

DildoBatman the Geomancer (Formicid Conjurer)       Turns: 6866, Time: 00:25:39

Health: -8/64      AC:  8    Str: 11    XL:     9   Next: 86%
Magic:  19/19      EV: 16    Int: 23    God:    Gozag
Gold:   817        SH:  4    Dex: 12    Spells: 14/22 levels left

rFire   . . .      SeeInvis +   a - +1 shortbow (vorpal)
rCold   . . .      Faith    .   c - +0 buckler
rNeg    + . .      Spirit   .   E - +1 robe {rN+}
rPois   .          Reflect  .   (helmet unavailable)
rElec   .          Harm     .   (no cloak)
rCorr   .          Rampage  .   p - +0 pair of gloves
Will    .....                   (no boots)
Stlth   ++........              (no amulet)
HPRegen 0.20/turn               f - +4 ring of protection
MPRegen 0.16/turn               B - +4 ring of evasion

@: invisible
A: permanent stasis, dig shafts and tunnels, antennae 3, four strong arms
a: Dig, Shaft Self, Renounce Religion, Potion Petition, Call Merchant, Bribe
Branch


You were on level 7 of the Dungeon.
You worshipped Gozag.
Gozag was pleased with you.
You visited 2 branches of the dungeon, and saw 8 of its levels.
You also visited: Sewer and Bailey.

You collected 966 gold pieces.
You spent 96 gold pieces at shops.
You paid 53 gold pieces to Gozag.

Inventory:

Hand Weapons
 a - a +1 vorpal shortbow (weapon)
 H - a +3 dagger of speed
Missiles
 x - 8 poisoned darts
 y - a throwing net
 I - 6 javelins
Armour
 c - a +0 buckler (worn)
 p - a +0 pair of gloves (worn)
 A - a +0 robe of willpower
 E - a +1 robe of positive energy (worn)
Magical Staves
 b - a staff of earth
Jewellery
 f - a +4 ring of protection (left hand)
 B - a +4 ring of evasion (right hand)
 C - a ring of protection from fire
Scrolls
 g - 2 scrolls of vulnerability {unknown}
 i - a scroll of silence {unknown}
 j - 3 scrolls of enchant armour {unknown}
 k - 3 scrolls of fear {unknown}
 l - a scroll of magic mapping
 m - 3 scrolls of amnesia
 n - a scroll of brand weapon {unknown}
 q - 3 scrolls of butterflies
 r - a scroll of enchant weapon {unknown}
 v - a scroll of acquirement {unknown}
 w - a scroll of blinking {unknown}
 D - a scroll of poison {unknown}
Potions
 d - 3 potions of cancellation {unknown}
 e - 2 potions of invisibility
 h - 4 potions of curing
 o - a potion of mutation {unknown}
 s - 2 potions of magic
 t - 3 potions of heal wounds
 u - a potion of flight {unknown}
 z - a potion of resistance {unknown}
 F - a potion of ambrosia {unknown}
 G - a potion of attraction {unknown}
 J - 2 potions of lignification
 K - 2 potions of might {unknown}
 L - a potion of experience
Miscellaneous
 M - a condenser vane


   Skills:
 * Level 3.3 Fighting
 * Level 3.3 Armour
 * Level 2.3 Dodging
 - Level 2.4 Stealth
 * Level 3.4 Shields
 - Level 7.0 Spellcasting
 - Level 6.0 Conjurations
 - Level 9.0 Earth Magic


You had 14 spell levels left.
You knew the following spells:

 Your Spells              Type           Power      Damage    Failure   Level
a - Searing Ray           Conj           70%        2d7       1%          2
b - Stone Arrow           Conj/Erth      84%        3d12      1%          3
c - Magic Dart            Conj           100%       1d8       1%          1
z - Sublimation of Blood  Necr           8%         N/A       14%         2

Your spell library contained the following spells:

 Spells                   Type           Power      Damage    Failure   Level
 Sandblast                Erth           98%        2d20      1%          1
 Passwall                 Tmut/Erth      23%        N/A       2%          2
 Dazzling Flash           Conj/Hex       42%        N/A       9%          3
 Sting                    Tmut/Pois      32%        1d4       10%         1
 Poisonous Vapours        Pois/Air       16%        N/A       14%         2
 Animate Armour           Summ/Erth      56%        N/A       14%         4
 Petrify                  Tmut/Erth      28%        N/A       14%         4
 Fulminant Prism          Conj/Hex       10%        3d9       26%         4
 Iskenderun's Mystic Bla  Conj/Tloc      21%        2d6       26%         4
 Confusing Touch          Hex            8%         N/A       28%         3
 Irradiate                Conj/Tmut      10%        3d15      58%         5
 Olgreb's Toxic Radiance  Pois           8%         N/A       67%         4
 Yara's Violent Unravell  Hex/Tmut       4%         3d4       95%         5
 Enfeeble                 Hex            4%         N/A       100%        7
 Borgnjor's Revivificati  Necr           4%         N/A       100%        8
 Lehudib's Crystal Spear  Conj/Erth      21%        10d6      100%        8
 Necromutation            Tmut/Necr      4%         N/A       100%        8
 Death's Door             Necr           4%         N/A       100%        9


Dungeon Overview and Level Annotations

Branches:
Dungeon (7/15)             Temple (1/1) D:4           Sewer (visited)
 Bailey (visited)

Altars:
Ashenzari
Cheibriados
Dithmenos
Elyvilon
Fedhas
Gozag
Hepliaklqana
Kikubaaqudgha
Makhleb
Nemelex Xobeh
Ru
Trog
Uskayaw
Vehumet
Wu Jian
Xom
Yredelemnul
Zin
The Shining One

Shops:
D:2 [(*   D:7 (


Innate Abilities, Weirdness & Mutations

You cannot be hasted, slowed, berserked, paralysed or teleported.
You can dig through walls and to a lower floor.
You have a pair of large antennae on your head. (SInv)
Your four strong arms can wield two-handed weapons with a shield.


Message History

There is an open translucent gate here.
There is an open translucent gate here.
There is an open translucent gate here.
There is an open door here.
You close the door.
An orc warlord breaks down the door.
Things that are here:
a boomerang; a +0 war axe
There is a broken door, spattered with blood here.
Things that are here:
a +0 hand axe; a +0 leather armour; a +0 hand axe; a +0 leather armour; a boomerang
There is a broken door here.
You see here 2 boomerangs.
There is a broken door here.
You see here a +0 war axe.
Things that are here:
a +0 hand axe; a +0 leather armour
There is a broken door here.
Things that are here:
a boomerang; a +0 war axe
There is a broken door, spattered with blood here.
Things that are here:
a +0 war axe; a +0 leather armour
Things that are here:
a +0 war axe; a +0 ring mail
There is an open gate here.
There is an empty arch of ancient stone here.
There is a gate leading back out of this place here.
The orc warlord hits you with a +5 battleaxe!!!
Ouch! That really hurt!
Welcome back to the Dungeon!
You hear the hiss of flowing sand.
There is an entrance to an ossuary on this level.
Hurry and find it before the portal is buried!
The walls and floor vibrate strangely for a moment.
There is an empty arch of ancient stone here.
You fade into invisibility!
The orc warlord hits you with a +5 battleaxe!!
Ouch! That really hurt!
You die...
Your body crumbles into a pile of gold.

,,,* *#...##..........,,,,,,,,#.
,,,** #...............,,,*,*,,,.
,**,####....##......#..,,,,,,,,..
***,.........#...#..#.#*,,,,,*,.#
***,###.###..##.##...#***,,***,..
**,,* #,* #..........#***,,,,,,.c
,,,,*##.###.~≈~~~~~,..**,**,*,,..
***,.#....#.~≈####~,,,,,,*,,*,,.#
* *,...$....~≈#o@#~.,,,,,****,,,*
*,.....##.≈≈'..#~,,,**,****,,,* *
*,........(((..#~,,,**,,,*,,,,,
***,........~≈'..#~,,***,,,,,,,**
**,,........~≈#.>#~,,,***,,,,,**
,,,,........~≈####~,,,,,,,,,,,***
,,,,........~~~~~~~,,,,***,,,,,,,
,*,,......#.....,,,,,*** *,,,,,,,
,**,.......##...#*,,** *,,**,,,


You could see an orc warlord (unable to see you).

Vanquished Creatures
  Pikel (D:4)
  A hornet (D:6)
  A water moccasin (D:5)
  Pargi (Sewer)
  4 orc warriors (Bailey)
  A sky beast (D:6)
  An ice beast (D:5)
  2 ogres
  2 centaurs
  4 lemures (D:4)
  A scorpion (D:7)
  A howler monkey (D:5)
  A crimson imp (D:5)
  2 orc priests
  6 hounds
  2 jellies
  4 iguanas
  4 orc wizards
  5 gnolls
  3 adders
  2 worms
  2 dart slugs (D:3)
  15 orcs
  2 ball pythons
  5 endoplasms
  7 giant cockroaches
  13 goblins
  11 hobgoblins
  9 jackals
  4 quokkas
  3 bats
  18 kobolds
  5 rats
143 creatures vanquished.

Vanquished Creatures (others)
  4 toadstools (D:1)
4 creatures vanquished.

Grand Total: 147 creatures vanquished

Notes
Turn   | Place    | Note
-------+----------+-------------------------------------------
     0 | D:1      | DildoBatman the Formicid Conjurer began the quest for the
                  | Orb.
     0 | D:1      | Reached XP level 1. HP: 13/13 MP: 3/3
    19 | D:1      | Found a faded altar of an unknown god.
   203 | D:1      | Reached XP level 2. HP: 20/20 MP: 5/5
   206 | D:1      | Learned a level 2 spell: Searing Ray
   793 | D:2      | Found Syst's General Store.
   808 | D:2      | Reached skill level 1 in Fighting
   808 | D:2      | Reached skill level 1 in Armour
   889 | D:2      | Reached XP level 3. HP: 26/26 MP: 1/6
   993 | D:2      | Found Jufuxtoc's Weapon Emporium.
  1197 | D:2      | Found Dygyshre's Armour Shoppe.
  1496 | D:3      | Reached XP level 4. HP: 32/32 MP: 8/8
  1498 | D:3      | Noticed a centaur
  1512 | D:3      | Killed a centaur
  1513 | D:3      | Reached XP level 5. HP: 12/38 MP: 3/9
  1825 | D:3      | Learned a level 3 spell: Stone Arrow
  1828 | D:3      | Learned a level 2 spell: Sublimation of Blood
  2445 | D:4      | Found a staircase to the Ecumenical Temple.
  2469 | Temple   | Entered the Ecumenical Temple
  2648 | Temple   | Became a worshipper of Gozag Ym Sagoz the Greedy
  2660 | D:4      | Noticed a lemure
  2683 | D:4      | Reached XP level 6. HP: 5/46 MP: 0/10
  2687 | D:4      | You fall into a shaft and drop 1 floor!
  2687 | D:5      | Entered Level 5 of the Dungeon
  2871 | D:5      | Found a glowing drain.
  2905 | D:5      | Reached skill level 1 in Earth Magic
  3084 | Sewer    | Entered a sewer
  3114 | Sewer    | Noticed Pargi
  3120 | Sewer    | Killed Pargi
  3121 | Sewer    | Reached skill level 2 in Earth Magic
  3121 | Sewer    | Reached XP level 7. HP: 40/52 MP: 0/12
  3677 | D:2      | Bought a potion of curing for 36 gold pieces
  3677 | D:2      | Bought a potion of heal wounds for 60 gold pieces
  3813 | D:4      | Noticed Pikel
  4330 | D:4      | Killed Pikel
  4331 | D:4      | Reached skill level 5 in Spellcasting
  4331 | D:4      | Reached skill level 5 in Conjurations
  4331 | D:4      | Reached skill level 4 in Earth Magic
  4331 | D:4      | Reached XP level 8. HP: 58/58 MP: 3/15
  4582 | D:5      | Found a shimmering altar of Xom.
  4588 | D:5      | Found a bloodstained altar of Trog.
  4591 | D:5      | Found a hazy altar of Hepliaklqana.
  4591 | D:5      | Found a hide-covered altar of Uskayaw.
  4598 | D:5      | Found a shadowy altar of Dithmenos.
  4717 | D:5      | Reached skill level 5 in Earth Magic
  5028 | D:5      | Found a burning altar of Makhleb.
  5194 | D:6      | Reached XP level 9. HP: 62/63 MP: 5/17
  5382 | D:6      | Reached skill level 6 in Earth Magic
  5448 | D:6      | Noticed a hornet
  5530 | D:6      | Killed a hornet
  5531 | D:6      | Reached skill level 7 in Earth Magic
  5849 | D:7      | Found Dijash's Weapon Emporium.
  5870 | D:7      | Reached skill level 8 in Earth Magic
  5890 | D:7      | Found a flagged portal.
  5904 | Bailey   | Entered a bailey
  5909 | Bailey   | Noticed an orc warlord
  5978 | Bailey   | Reached skill level 9 in Earth Magic
  6159 | Bailey   | Found a runed translucent gate.
  6160 | Bailey   | Found a runed translucent gate.
  6161 | Bailey   | Found a runed translucent gate.
  6866 | D:7      | Mangled by an orc warlord

Illustrated notes

Levels and vault maps discovered:
D:1:      ldierk_walled_garden_2, layout_loops_cross,
          shapermc_ecumenical_altar_totnotflames
D:2:      layout_loops_ring, serial_shops, shop, nicolae_shop_hallway_plus,
          nicolae_shop_bloodbath_and_beyond
D:3:      layout_basic
D:4:      layout_loops_corners, minmay_temple_entry_wispy, chequers_avenue,
          uniq_pikel
D:5:      layout_basic, makhleb_grotto_becter,
          nicolae_overflow_hallway_of_the_gods, portal_sewer_entry_f
D:6:      layout_cave_pools, grunt_ministairs_8, dk_vineyard_3
D:7:      black_bear_nest_1, layout_layer_cave, serial_shops,
          nicolae_stop_n_shop_2, nicolae_ossuary_entry_false_entrances,
          enter_bailey_4, uniq_duvessa
Temple:   hellmonk_temple_forest_ring

Skill      XL: |  1  2  3  4  5  6  7  8  9 |
---------------+----------------------------+-----
Dodging        | 2 |  2.3
Fighting       | 1 2 3 |  3.3
Armour         | 1 2 3 |  3.3
Spellcasting   | 3 5 7 |  7.0
Conjurations   | 4 5 6 |  6.0
Shields        | 2 3 |  3.4
Earth Magic    | 2 4 5 9 |  9.0
Stealth        | |  2.4

Action                   |  1- 3 |  4- 6 |  7- 9 || total
-------------------------+-------+-------+-------++-------
Melee: Spear             |    27 |       |       ||    27
       Punch             |     1 |       |       ||     1
       Staff             |       |       |     8 ||     8
 Fire: Shortbow          |    28 |    33 |   132 ||   193
 Cast: Magic Dart        |    44 |     9 |    11 ||    64
       Searing Ray       |     2 |    16 |    13 ||    31
       Stone Arrow       |       |     2 |    39 ||    41
       Sublimation of Bl |       |       |     3 ||     3
 Abil: Shaft Self        |       |     1 |       ||     1
  Use: Potion            |       |     1 |     2 ||     3
       Scroll            |       |       |     8 ||     8
 Stab: Sleeping          |     1 |       |       ||     1
Armor: Robe              |     7 |     8 |    16 ||    31
Dodge: Dodged            |    28 |    40 |    52 ||   120
Block: Buckler           |       |     1 |    18 ||    19
